 Dungeon Crawl Stone Soup version 0.20-a0-1020-g7b9e4fe (webtiles) character file.

356 Cerepol the Cudgeler (level 6, 0/47 HPs)
             Began as a Demonspawn Abyssal Knight on Apr 18, 2017.
             Was a Believer of Lugonu.
             Killed from afar by regis's ghost (22 damage)
             ... with an orb of energy
             ... on level 4 of the Dungeon.
             The game lasted 00:06:09 (3345 turns).

Cerepol the Cudgeler (Demonspawn Abyssal Knight)    Turns: 3345, Time: 00:06:10

Health: 0/47       AC: 12    Str: 14    XL:     6   Next: 36%
Magic:  0/7        EV: 10    Int: 18    God:    Lugonu [**....]
Gold:   247        SH:  0    Dex: 12    Spells: 5/5 levels left

rFire    . . .     SeeInvis .   n - +1 whip
rCold    . . .     Gourm    .   (no shield)
rNeg     . . .     Faith    .   g - +0 ring mail
rPois    .         Spirit   +   m - +0 helmet
rElec    .         Reflect  .   p - scarf {Spirit}
rCorr    .         Harm     +   (no gloves)
MR       .....                  (no boots)
Stlth    +.........             f - amulet of harm
Regen    0.2/turn               (no ring)
MPRegen  0.1/turn               u - +4 ring of intelligence

@: sanguine armour
A: claws 1, spiny 1, sanguine armour 1
a: Depart the Abyss, Bend Space, Renounce Religion


You were on level 4 of the Dungeon.
You worshipped Lugonu.
Lugonu was pleased with you.
You were not hungry.

You visited 1 branch of the dungeon, and saw 4 of its levels.
You visited the Abyss 1 time.

You collected 247 gold pieces.

Inventory:

Hand Weapons
 a - a +1 mace
 n - a +1 whip (weapon)
Armour
 g - a +0 ring mail (worn)
 m - a +0 helmet (worn)
 p - a scarf of spirit shield (worn)
Jewellery
 f - an amulet of harm (around neck)
 u - a +4 ring of intelligence (right claw)
Wands
 e - a wand of clouds (2/9)
Scrolls
 q - a scroll of amnesia
Potions
 b - 2 potions of haste {unknown}
 j - 3 potions of flight
 o - a potion of berserk rage {unknown}
 s - a potion of agility {unknown}
 t - 2 potions of invisibility {unknown}
Books
 d - a Young Poisoner's Handbook

   Spells                             Type                      Level
   a - Sting                          Conjuration/Poison           1
   b - Poisonous Vapours              Poison/Air                   2
   c - Mephitic Cloud                 Conjuration/Poison/Air       3
   d - Olgreb's Toxic Radiance        Poison                       4
   e - Venom Bolt                     Conjuration/Poison           5
Comestibles
 c - 2 bread rations
 h - a chunk of flesh
 k - 4 fruits
 r - 3 meat rations


   Skills:
 - Level 3.0 Fighting
 + Level 6.2 Maces & Flails
 - Level 1.7 Armour
 - Level 0.8 Dodging
 - Level 2.4 Invocations


You had 5 spell levels left.
You didn't know any spells.

Dungeon Overview and Level Annotations

Branches:
Dungeon (4/15)
 Temple: D:4-7

Altars:
Cheibriados
Fedhas
Kikubaaqudgha
Vehumet
The Shining One

Annotations:
D:3 Cerepol's ghost, amateur FoFi
D:4 regis's ghost, novice HuCj


Innate Abilities, Weirdness & Mutations

You have sharp fingernails.
You are partially covered in sharp spines.
When seriously injured, your bleeding wounds create armour. (AC +6)


Message History

You see here a hound corpse.
You butcher the hound corpse.
h - 2 chunks of flesh (gained 1)
You start resting.
Eating one of 2 chunks of flesh.
You eat one of the 2 chunks of flesh.
This raw flesh tastes terrible.
Magic restored.
Found a stone staircase leading up.
Found 7 stones.
Regis's ghost (novice Human Conjurer) comes into view.
It is wielding a vampiric weapon.
Regis's ghost turns its malevolent gaze towards you.
Regis's ghost gestures at you while chanting.
The orb of energy hits you!
Your blood congeals into armour.
Found a short sword.
Regis's ghost casts a spell at you. The orb of energy misses you.
The orb of energy explodes!
Regis's ghost whispers, "Death is liberation."
There is a stone staircase leading up here.
Regis's ghost gestures at you while chanting.
The orb of energy hits you!
You die...

*....##.,,, *.......,,,
###.$..#..,,, #.........,,,
#######.#....##.,,,
#...............,,,
######..###..........,,, ###
####........W....##(....,,, ..#
###....#...@..######*.....,,, ..#
##.........##### *...#.#***
..####..###...### ###.....#
..#.....#....## ####...##..#
............#########......#...#
...###....................##.#.##
...# #.....########.......#..#..#
...# #.##### ##.......#'#...###
...# #..,,* ##........'_'.#...=


You could see regis's ghost.

Vanquished Creatures
  An ogre (D:4)
  2 hounds (D:4)
  A bullfrog skeleton (D:4)
  An orc wizard (D:4)
  A worker ant (D:4)
  A hound skeleton (D:4)
  A howler monkey skeleton (D:4)
  3 adders
  3 oozes (D:1)
  4 dart slugs
  A leopard gecko (D:1)
  3 orcs
  A ball python (D:1)
  9 bats
  3 giant cockroaches
  8 goblins
  10 hobgoblins
  4 jackals (D:1)
  4 kobolds
  A quokka (D:2)
  5 frilled lizards
  A jackal skeleton (D:4)
  A quokka skeleton (D:4)
  4 rats
73 creatures vanquished.

Notes
Turn   | Place    | Note
-------+----------+-------------------------------------------
     0 | Abyss:1  | Cerepol the Demonspawn Abyssal Knight began the quest for the Orb.
     0 | Abyss:1  | Reached XP level 1. HP: 18/18 MP: 2/2
    51 | Abyss:2  | Noticed a small abomination
    79 | Abyss:2  | Noticed an apocalypse crab
    82 | D:1      | Escaped the Abyss
    98 | D:1      | Reached skill level 2 in Maces & Flails
   151 | D:1      | Reached * piety under Lugonu
   151 | D:1      | Gained mutation: You are partially covered in sharp spines. [demonic ancestry]
   151 | D:1      | Reached XP level 2. HP: 7/24 MP: 3/3
   424 | D:1      | Reached skill level 3 in Maces & Flails
   464 | D:1      | Reached XP level 3. HP: 24/29 MP: 4/4
  1063 | D:2      | Gained mutation: When seriously injured, your bleeding wounds create armour. (AC +6) [demonic ancestry]
  1063 | D:2      | Reached XP level 4. HP: 35/35 MP: 5/5
  1282 | D:2      | Reached skill level 4 in Maces & Flails
  1292 | D:2      | Found a glowing golden altar of the Shining One.
  1301 | D:2      | Found an ancient bone altar of Kikubaaqudgha.
  1313 | D:2      | Found a snail-covered altar of Cheibriados.
  1316 | D:2      | Found a blossoming altar of Fedhas.
  1538 | D:2      | Reached ** piety under Lugonu
  1895 | D:3      | Noticed Cerepol's ghost (amateur FoFi)
  2822 | D:4      | Reached XP level 5. HP: 39/41 MP: 6/6
  2847 | D:4      | Found a radiant altar of Vehumet.
  2877 | D:4      | Noticed an ogre
  2898 | D:4      | Killed an ogre
  2898 | D:4      | Reached skill level 5 in Maces & Flails
  3054 | D:4      | Gained mutation: You have sharp fingernails. [demonic ancestry]
  3054 | D:4      | Reached XP level 6. HP: 32/47 MP: 5/7
  3074 | D:4      | Reached skill level 6 in Maces & Flails
  3336 | D:4      | Noticed regis's ghost (novice HuCj)
  3345 | D:4      | Killed from afar by regis's ghost

Vault maps used:
D:1:      arrival_zaba_pyramid
D:2:      grunt_temple_overflow_cloverleaf, first_bread, minmay_tetromino_s2
D:3:      minmay_statues_item
D:4:      kennysheep_mini

Skill      XL: |  1  2  3  4  5  6 |
---------------+-------------------+-----
Maces & Flails | 2 3 4 5 6 |  6.2
Fighting       | |  3.0
Armour         | |  1.7
Dodging        | |  0.8
Invocations    | |  2.4

Action                   |  1- 3 |  4- 6 || total
-------------------------+-------+-------++-------
Melee: Mace              |    56 |       ||    56
       Whip              |     9 |   108 ||   117
Invok: Depart the Abyss  |     1 |       ||     1
Evoke: Wand              |     1 |       ||     1
  Use: Scroll            |       |     6 ||     6
  Eat: Chunk             |     1 |     7 ||     8
Armor: Leather armour    |    15 |     8 ||    23
       Ring mail         |       |    12 ||    12
Dodge: Dodged            |    47 |    34 ||    81
